Map: Frozen Temple

Players

Killa - Winner!

  • Race: Protoss Protoss
  • League: Diamond

A.I. 1 (Medium)

  • Race: Zerg Zerg

VOD

Have the link to the VOD?

Description

Time

  • Played on: April 11, 2016, 4:54 p.m.
  • Length: 6:13
Show
View Real Time Build Order
Export as new Build Order

Killa Protoss - Winner!

Build Orders: 1 Gate Expand 

Get SALT Encoding   

  12  0:01  Probe (Chrono Boost)  
  13  0:12  Probe (Chrono Boost)  
  14  0:18  Pylon  
  14  0:22  Probe (Chrono Boost)  
  15  0:36  Probe (Chrono Boost)  
  15  0:38  Gateway  
  16  0:47  Probe (Chrono Boost)  
  17  0:57  Probe (Chrono Boost)  
  18  1:08  Probe (Chrono Boost)  
  19  1:17  Nexus  
  19  1:27  Cybernetics Core  
  19  1:30  Assimilator  
  19  1:31  Probe (Chrono Boost)  
  20  1:38  Assimilator  
  20  1:42  Probe (Chrono Boost)  
  21  1:48  Pylon  
  21  1:55  Probe (Chrono Boost)  
  22  2:07  Probe (Chrono Boost)  
  22  2:08  Warp Gate (Chrono Boost)  
  23  2:19  Probe, Stalker  
  26  2:30  Pylon  
  26  2:31  Probe  
  27  2:37  Probe  
  27  2:38  Robotics Facility  
  27  2:43  Probe  
  29  2:49  Stalker  
  29  2:50  Probe  
  31  2:56  Probe  
  33  3:00  Gateway  
  33  3:02  Probe  
  34  3:09  Probe  
  34  3:12  Probe  
  35  3:18  Gateway  
  36  3:21  Probe  
  36  3:26  Warp Prism (Chrono Boost)  
  39  3:34  Gateway  
  39  3:39  Gateway  
  39  3:59  Stalker x2  
  43  4:18  Adept  
  45  4:28  Adept x2  
  49  4:38  Adept x2  
  53  4:47  Pylon  
  53  4:50  Pylon  
  53  4:52  Pylon  
  53  5:05  Stalker x5  
  55  5:33  Stalker x2  
  55  5:34  Stalker x3  
  63  5:55  Adept x2  
  63  5:56  Adept x2  
  71  5:57  Adept  
Show
View Real Time Build Order
Export as new Build Order

A.I. 1 (Medium) Zerg 

Build Orders: Pool Only 

Get SALT Encoding   

  12  0:01  Drone  
  13  0:12  Overlord  
  13  0:17  Drone  
  14  0:30  Drone  
  14  0:33  Drone  
  16  0:43  Spawning Pool  
  16  0:45  Drone  
  16  0:49  Drone  
  17  0:53  Extractor  
  17  0:55  Drone  
  17  1:06  Overlord  
  17  1:29  Queen  
  17  1:31  Zergling x2  
  20  1:37  Roach Warren  
  20  1:38  Drone  
  20  1:39  Extractor  
  19  1:45  Zergling x2  
  20  1:49  Drone  
  21  2:00  Drone  
  22  2:10  Overlord  
  22  2:21  Roach  
  24  2:36  Roach, Overlord  
  26  2:50  Roach  
  28  3:01  Drone  
  28  3:04  Roach, Drone  
  32  3:12  Overlord  
  32  3:17  Drone  
  32  3:18  Roach  
  35  3:22  Drone  
  36  3:28  Drone  
  37  3:37  Baneling Nest  
  37  3:39  Roach  
  37  3:40  Drone  
  39  3:43  Drone  
  39  3:47  Evolution Chamber  
  39  3:49  Drone  
  39  3:53  Roach  
  42  4:08  Roach  
  44  4:58  Zergling x2  
  43  5:12  Zergling x2  
  28  5:26  Roach  
  28  5:28  Overlord  
  29  5:31  Queen  
  28  5:41  Roach  
  27  5:46  Drone  
  27  5:49  Drone  
  22  5:51  Overlord  
  22  5:52  Drone  
  22  5:55  Zergling x2, Drone  
  21  5:58  Drone  
  21  6:01  Drone, Roach Warren  
Tags
 
Add a new tag
Caveats
  • Supply blocks, unpowered buildings, or Contaminate may cause inaccurate times.
  • Supply counts are checked every 10 seconds.